 Dungeon Crawl Stone Soup version 0.29-a0-297-g7659ce593d (webtiles) character file.

Game seed: 9184122603030213004

11 Dabor the Stinger (level 2, -4/22 HPs)
             Began as a Naga Venom Mage on Mar 22, 2022.
             Was a Follower of Vehumet.
             Slain by a goblin
             ... wielding a +1 long sword of protection
              (10 damage)
             ... on level 1 of the Dungeon.
             The game lasted 00:00:51 (543 turns).

Dabor the Stinger (Naga Venom Mage)                  Turns: 543, Time: 00:00:51

Health: -4/22      AC:  1    Str: 10    XL:     2   Next: 25%
Magic:  0/5        EV: 10    Int: 15    God:    Vehumet [*.....]
Gold:   8          SH:  0    Dex: 11    Spells: 4/5 levels left

rFire   . . .      SeeInvis +   (no weapon)
rCold   . . .      Faith    .   (no shield)
rNeg    . . .      Spirit   .   a - +0 robe
rPois   +          Reflect  .   (no helmet)
rElec   .          Harm     .   (no cloak)
rCorr   .          Rampage  .   (no gloves)
Will    .....                   (no barding)
Stlth   ++........              (no amulet)
HPRegen 0.07/turn               (no ring)
MPRegen 0.09/turn               (no ring)

@: very slow
A: AC +0, large, see invisible, deformed body, poison resistance, slowness 2,
spit poison 1, naga tail 1
a: Spit Poison, Renounce Religion


You were on level 1 of the Dungeon.
You worshipped Vehumet.
Vehumet was aware of your devotion.
You visited 1 branch of the dungeon, and saw 1 of its levels.

You collected 8 gold pieces.

Inventory:

Armour
 a - a +0 robe (worn)
Scrolls
 c - a scroll of silence {unknown}
 d - a scroll of enchant weapon {unknown}
 e - a scroll of torment {unknown}
Potions
 b - a potion of magic
 f - a potion of heal wounds {unknown}
 g - a potion of haste {unknown}


   Skills:
 + Level 1.7 Dodging
 + Level 3.3 Stealth
 + Level 2.1 Spellcasting
 + Level 1.3 Transmutations
 + Level 4.2 Poison Magic


You had 4 spell levels left.
You knew the following spells:

 Your Spells              Type           Power      Damage    Failure   Level
a - Sting                 Tmut/Pois      36%        1d4       7%          1

Your spell library contained the following spells:

 Spells                   Type           Power      Damage    Failure   Level
 Sandblast                Erth           2%         2d4       22%         1
 Poisonous Vapours        Pois/Air       14%        N/A       14%         2
 Mephitic Cloud           Conj/Pois/Air  5%         N/A       36%         3
 Olgreb's Toxic Radiance  Pois           14%        N/A       36%         4


Dungeon Overview and Level Annotations

Branches:
Dungeon (1/15)

Altars:
Vehumet


Innate Abilities, Weirdness & Mutations

Your serpentine skin is tough. (AC +0)
You have supernaturally acute eyesight. (SInv)
Armour fits poorly on your strangely shaped body.
Your system is resistant to poisons. (rPois)
You cover ground very slowly.
You can spit poison.
You have a snake-like lower body.


Message History

A hobgoblin comes into view.
Found a +0 dagger.
A goblin comes into view. It is wielding a +0 club.
Aiming: Sting (safe; 8% risk of failure)
Press: ? - help, Q - select action, (/) - cycle Shift-Dir - straight line, f - kobold
Aim: a kobold, wielding a +0 dagger (60% to hit)
Okay, then.
The sting hits the kobold.
The kobold is poisoned.
The kobold is heavily wounded.
The goblin shouts! x2
You kill the kobold!
Vehumet accepts your kill.
You can't see any susceptible monsters within range! (Use Z to cast anyway.)
You have got your breath back.
The sting hits the goblin.
The goblin is poisoned.
The goblin is heavily wounded.
The sting hits the goblin.
The goblin looks even sicker.
You kill the goblin!
Vehumet accepts your kill.
The sting hits the bat.
The bat is poisoned.
The bat is heavily wounded.
The bat closely misses you.
The sting hits the bat.
The bat looks even sicker.
You kill the bat!
Vehumet accepts your kill. The goblin attacks as you move away!
The goblin hits you with a +1 long sword of protection!
The goblin hits you with a +1 long sword of protection!
The goblin attacks as you move away!
The goblin hits you with a +1 long sword of protection.
* * * LOW HITPOINT WARNING * * *
You are too injured to fight recklessly!
Casting: Sting (safe; 7% risk of failure)
Confirm with . or Enter, or press ? or * to list all spells.
Aiming: Sting (safe; 7% risk of failure)
Press: ? - help, Shift-Dir - straight line, f - goblin
Aim: a goblin, wielding a +1 long sword of protection (60% to hit)
The sting misses the goblin.
The goblin hits you with a +1 long sword of protection!
You die...

#.##
.###......##..#..#....#
.. .#
..###....##..#.......##
#.. g.. ..
###..##...........#
.... #.##
####...#........#
#...##..#
#.###......._#
#...#.### #.#
#........# #.....# ##.#
#####....#
#.†.)#.#g###..# #...##
#..#..#)#.@...## ##...#
#. #....####..# #...##
..#..# #### ##...#
..g##.. #....# #... )..
#....# ..## ..# #....#
#.. #....# #....#
##...#


You could see a goblin.

Vanquished Creatures
  A dart slug (D:1)
  A ball python (D:1)
  A bat (D:1)
  An endoplasm (D:1)
  A goblin (D:1)
  A kobold (D:1)
  A frilled lizard (D:1)
  A rat (D:1)
8 creatures vanquished.

Notes
Turn   | Place    | Note
-------+----------+-------------------------------------------
     0 | D:1      | Dabor the Naga Venom Mage began the quest for the Orb.
     0 | D:1      | Reached XP level 1. HP: 15/15 MP: 3/3
   168 | D:1      | Found a faded altar of an unknown god.
   503 | D:1      | Prayed at the altar of an unknown god.
   503 | D:1      | Became a worshipper of Vehumet
   503 | D:1      | Reached * piety under Vehumet
   503 | D:1      | Offered knowledge of Sandblast by Vehumet.
   533 | D:1      | Reached XP level 2. HP: 22/22 MP: 5/5
   543 | D:1      | Slain by a goblin

Illustrated notes

Levels and vault maps discovered:
D:1:      lemuel_arrival_funnel, layout_rooms,
          hellmonk_ecumenical_altar_zigzags, minmay_tromino_v4_c

Action                   || total
-------------------------++-------
Melee: Unarmed           ||     2
 Cast: Sting             ||    14
 Abil: Spit Poison       ||     1
Armor: Robe              ||     1
Dodge: Dodged            ||     3

Table legend: (Time is in decaauts)
 A = Elapsed time spent in this place.
 B = Non-inter-level travel time spent in this place.
 C = Inter-level travel time spent in this place.
 D = Time resting spent in this place.
 E = Time spent auto-exploring this place.
 F = Levels seen in this place.
 G = Mean time per level.
                   A        B        C        D        E       F      G
               +--------+--------+--------+--------+--------+-----+--------+
         Total |    619 |    603 |     16 |      0 |    535 |   1 |  619.0 |
       Dungeon |    619 |    603 |     16 |      0 |    535 |   1 |  619.0 |
               +--------+--------+--------+--------+--------+-----+--------+

Top non-repeatable levels by time:
     D:1: 619 daAuts
